 Dungeon Crawl Stone Soup version 0.22.1-1-ga44c0e5 (webtiles) character file.

4483 Tarasboulda the Destroyer (level 10, -38/50 HPs)
             Began as a Deep Elf Conjurer on Sept 23, 2018.
             Was a Believer of Vehumet.
             Annihilated by a very large slime creature (54 damage)
             ... on level 9 of the Dungeon on Sept 24, 2018.
             The game lasted 00:35:26 (9624 turns).

Tarasboulda the Destroyer (Deep Elf Conjurer)       Turns: 9624, Time: 00:35:26

Health: -38/50     AC:  5    Str:  5    XL:     10   Next: 16%
Magic:  26/26      EV: 16    Int: 24    God:    Vehumet [**....]
Gold:   433        SH:  0    Dex: 15    Spells: 13/30 levels left

rFire    . . .     SeeInvis +   g - staff of earth
rCold    . . .     Gourm    .   (no shield)
rNeg     . . .     Faith    .   A - +0 robe {MR+}
rPois    .         Spirit   .   (no helmet)
rElec    .         Reflect  .   (no cloak)
rCorr    .         Harm     .   u - +2 pair of gloves
MR       ++...                  (no boots)
Stlth    ++++......             x - amulet of regeneration
HPRegen  0.56/turn              b - ring of see invisible
MPRegen  0.20/turn              (no ring)

@: no status effects
A: no striking features
a: Renounce Religion


You were on level 9 of the Dungeon.
You worshipped Vehumet.
Vehumet was pleased with you.
You were not hungry.

You visited 2 branches of the dungeon, and saw 10 of its levels.

You collected 433 gold pieces.

Inventory:

Missiles
 C - a throwing net (quivered)
Armour
 a - a +0 robe
 m - a +0 pair of gloves
 u - a +2 pair of gloves (worn)
 A - a +0 robe of magic resistance (worn)
Magical Staves
 g - an uncursed staff of earth (weapon)
Jewellery
 b - a ring of see invisible (left hand)
 x - an amulet of regeneration (around neck)
 I - an uncursed amulet of rage {unknown}
Wands
 E - a wand of random effects (60)
Scrolls
 h - 5 scrolls of magic mapping
 l - 3 scrolls of remove curse
 n - 2 scrolls of blinking
 o - 2 scrolls of enchant weapon
 q - 3 scrolls of teleportation
 v - a scroll of enchant armour {unknown}
 y - a scroll of brand weapon {unknown}
 D - a scroll of noise
 F - a scroll of immolation {unknown}
 G - a scroll of fog {unknown}
Potions
 d - 2 potions of agility
 e - 2 potions of brilliance
 f - 2 potions of lignification
 i - 3 potions of flight
 j - 2 potions of curing
 p - a potion of mutation
 r - a potion of magic
 s - a potion of berserk rage
 t - 3 potions of might
 w - a potion of cancellation
 z - a potion of ambrosia
 B - a potion of haste
Comestibles
 c - 14 rations


   Skills:
 + Level 6.9 Dodging
 + Level 7.5 Stealth
 + Level 10.7 Spellcasting
 + Level 11.5 Conjurations


You had 13 spell levels left.
You knew the following spells:

 Your Spells              Type           Power        Failure   Level  Hunger
a - Stone Arrow           Conj/Erth      ######       1%          3    None
b - Searing Ray           Conj           ######       1%          2    None
c - Force Lance           Conj/Tloc      #####...     4%          4    None
d - Fulminant Prism       Conj/Hex       #####.....   4%          4    None
e - Magic Dart            Conj           ####         1%          1    None
f - Mephitic Cloud        Conj/Pois/Air  ####....     3%          3    None

Your spell library contained the following spells:

 Spells                   Type           Power        Failure   Level  Hunger
 Shock                    Conj/Air       ####         1%          1    None
 Sting                    Conj/Pois      ####         1%          1    None
 Dazzling Spray           Conj/Hex       #####.       1%          3    None
 Iskenderun's Mystic Bla  Conj           ######..     1%          4    None
 Sandblast                Erth           ###...       4%          1    None
 Passwall                 Tmut/Erth      ###.....     8%          2    None
 Poisonous Vapours        Pois/Air       ##....       8%          2    None
 Venom Bolt               Conj/Pois      #####.....   13%         5    ####...
 Olgreb's Toxic Radiance  Pois           ##......     43%         4    None
 Petrify                  Tmut/Erth      ###.....     43%         4    None
 Lee's Rapid Deconstruct  Erth           ###.......   80%         5    ####...


Dungeon Overview and Level Annotations

Branches:
Dungeon (9/15)             Temple (1/1) D:6
   Lair: D:8-11         Orc: D:9-12

Altars:
Cheibriados
Elyvilon
Fedhas
Hepliaklqana
Kikubaaqudgha
Makhleb
Nemelex Xobeh
Okawaru
Qazlal
Ru
Trog
Uskayaw
Vehumet
Xom
Zin
Beogh

Shops:
D:8 *


Message History

You feel a surge of power!
The stone arrow hits the slime creature.
You kill the slime creature!
Vehumet accepts your kill.
You feel your power returning.
You start resting.
HP restored.
You start resting.
Magic restored.
You climb downwards.
The slime creature quivers.
The very large slime creature hits you!!!
Ouch! That really hurt!
* * * LOW HITPOINT WARNING * * *
There is a stone staircase leading up, spattered with blood here.
You feel better.
The very large slime creature closely misses you.
The very large slime creature hits you!!!
Ouch! That really hurt!
You die...

##########
#........#
#........#
#....@...#
#...J....#
########..J.....#
..............###
#......[....#
#...........##
#.....).......#
#.............#
#..[..........#


You could see a very large slime creature and a slime creature.

Vanquished Creatures
  A deep elf mage (D:8)
  2 slime creatures (D:8)
  A hippogriff (D:7)
  A wyvern (D:9)
  A water moccasin (D:8)
  A hornet zombie (D:9)
  An ice beast (D:6)
  A black bear (D:8)
  4 orc warriors
  2 phantoms (D:9)
  6 ogres
  2 centaurs
  2 bullfrogs
  4 killer bees (D:7)
  An electric eel (D:7)
  3 howler monkeys
  A crimson imp (D:7)
  A gnoll shaman (D:7)
  4 orc priests
  3 hounds
  2 bullfrog skeletons
  2 jellies (D:5)
  4 iguanas
  11 orc wizards
  5 worker ants
  An ogre zombie (D:9)
  2 hound skeletons
  A worker ant zombie (D:7)
  9 gnolls
  6 adders
  2 shadow imps
  An adder zombie (D:8)
  2 worms (D:4)
  4 dart slugs
  9 leopard geckos
  55 orcs
  3 ball pythons
  6 giant cockroaches
  8 goblins
  11 hobgoblins
  7 jackals
  A quokka (D:4)
  5 bats
  6 frilled lizards
  A giant cockroach zombie (D:6)
  A goblin skeleton (D:9)
  A goblin zombie (D:9)
  A hobgoblin zombie (D:9)
  A jackal skeleton (D:4)
  6 kobolds
  2 orc skeletons (D:9)
  12 orc zombies (D:9)
  A quokka skeleton (D:6)
  8 rats
239 creatures vanquished.

Vanquished Creatures (others)
  12 fulminant prisms
12 creatures vanquished.

Grand Total: 251 creatures vanquished

Notes
Turn   | Place    | Note
-------+----------+-------------------------------------------
     0 | D:1      | Tarasboulda the Deep Elf Conjurer began the quest for the
                  | Orb.
     0 | D:1      | Reached XP level 1. HP: 10/10 MP: 6/6
   191 | D:1      | Reached XP level 2. HP: 7/15 MP: 0/8
   583 | D:1      | Reached skill level 5 in Conjurations
   590 | D:1      | Learned a level 2 spell: Searing Ray
   791 | D:1      | Reached XP level 3. HP: 19/19 MP: 7/10
   944 | D:1      | You fall through a shaft!
  1210 | D:2      | Reached XP level 4. HP: 24/24 MP: 10/12
  1943 | D:3      | Found a bloodstained altar of Trog.
  2176 | D:3      | Reached skill level 6 in Conjurations
  2456 | D:3      | Found a hide-covered altar of Uskayaw.
  2776 | D:3      | Reached XP level 5. HP: 12/28 MP: 2/13
  3182 | D:4      | Reached skill level 5 in Spellcasting
  3211 | D:4      | Reached skill level 7 in Conjurations
  3211 | D:4      | Reached XP level 6. HP: 22/32 MP: 3/16
  3822 | D:4      | Reached skill level 8 in Conjurations
  3822 | D:4      | Reached XP level 7. HP: 36/36 MP: 14/18
  4380 | D:5      | Entered Level 5 of the Dungeon
  4591 | D:5      | Found a runed door.
  4830 | D:5      | Found a blossoming altar of Fedhas.
  4953 | D:5      | Learned a level 4 spell: Force Lance
  4958 | D:5      | Learned a level 4 spell: Fulminant Prism
  5225 | D:5      | Reached skill level 9 in Conjurations
  5251 | D:5      | Reached XP level 8. HP: 41/41 MP: 6/21
  5513 | D:5      | Found a roughly hewn altar of Beogh.
  5686 | D:6      | Found a staircase to the Ecumenical Temple.
  5695 | Temple   | Entered the Ecumenical Temple
  5704 | Temple   | Became a worshipper of Vehumet
  5830 | D:6      | Reached skill level 10 in Conjurations
  6722 | D:7      | Reached * piety under Vehumet
  6722 | D:7      | Offered knowledge of Sting by Vehumet.
  7104 | D:7      | Reached XP level 9. HP: 28/45 MP: 19/24
  7512 | D:7      | Reached skill level 5 in Stealth
  7765 | D:7      | Reached skill level 5 in Dodging
  8073 | D:8      | Found Vegyll's Assorted Antiques.
  8153 | D:8      | Reached skill level 11 in Conjurations
  8309 | D:8      | Noticed a deep elf mage
  8314 | D:8      | Killed a deep elf mage
  8314 | D:8      | Reached skill level 10 in Spellcasting
  8326 | D:8      | Learned a level 3 spell: Stone Arrow
  8964 | D:8      | Learned a level 3 spell: Mephitic Cloud
  9113 | D:9      | Reached ** piety under Vehumet
  9116 | D:9      | Offered knowledge of Shock by Vehumet.
  9179 | D:8      | Reached XP level 10. HP: 15/50 MP: 3/26
  9624 | D:9      | Annihilated by a very large slime creature

Skill      XL: |  1  2  3  4  5  6  7  8  9 |
---------------+----------------------------+-----
Conjurations   | 5 6 7 8 9 10 11 | 11.5
Spellcasting   | 4 5 6 7 9 10 | 10.7
Dodging        | 4 6 |  6.9
Stealth        | 4 7 |  7.5

Action                   |  1- 3 |  4- 6 |  7- 9 | 10-12 || total
-------------------------+-------+-------+-------+-------++-------
 Cast: Magic Dart        |    65 |    52 |    58 |     3 ||   178
       Searing Ray       |     3 |    34 |    64 |     9 ||   110
       Fulminant Prism   |       |       |    11 |     1 ||    12
       Stone Arrow       |       |       |     9 |     8 ||    17
       Force Lance       |       |       |     2 |     3 ||     5
  Use: Scroll            |     3 |    10 |     8 |       ||    21
       Potion            |       |     1 |     1 |     2 ||     4
  Eat: Chunk             |       |     8 |    13 |       ||    21
       Ration            |       |       |     1 |     1 ||     2
Armor: Robe              |     5 |     3 |    12 |     1 ||    21
Dodge: Dodged            |    14 |    17 |    69 |     7 ||   107
